 Dungeon Sprint DCSS version 0.24-a0-520-g8fd06ad (webtiles) character file.

Game seed: 3837656202003273831

753 silentkaos13 the Prestidigitator (level 7, -5/59 HPs)
             Began as a Gnoll Artificer on July 27, 2019.
             Was an Initiate of Nemelex Xobeh.
             Slain by a blink frog (11 damage)
             ... in the Dungeon (Sprint I: "Red Sonja").
             The game lasted 00:04:00 (756 turns).

silentkaos13 the Prestidigitator (Gnoll Artificer)   Turns: 756, Time: 00:04:01

Health: -5/59      AC:  6    Str: 16    XL:     7   Next: 78%
Magic:  15/15      EV: 16    Int: 14    God:    Nemelex Xobeh [......]
Gold:   405        SH:  0    Dex: 15    Spells: 17/17 levels left

rFire    . . .     SeeInvis .   m - +1 dagger (vamp)
rCold    . . .     Gourm    .   (no shield)
rNeg     + . .     Faith    .   n - +3 leather armour {rN+}
rPois    .         Spirit   .   (no helmet)
rElec    .         Reflect  .   (no cloak)
rCorr    .         Harm     .   (no gloves)
MR       .....     NoTele   +   (no boots)
Stlth    +++.......             (no amulet)
HPRegen  0.19/turn              (no ring)
MPRegen  0.14/turn              (no ring)

@: berserk cooldown, hasted and slowed
A: distributed training, fangs 1, strong nose
a: Draw Escape, Draw Destruction, Draw Summoning, Renounce Religion


You were in the Dungeon.
You worshipped Nemelex Xobeh.
Nemelex Xobeh was noncommittal.
You were not hungry.

You visited 1 branch You collected 405 gold pieces.

Inventory:

Hand Weapons
 a - a +0 short sword
 m - a +1 vampiric dagger (weapon)
Armour
 b - a +0 leather armour
 n - a +3 leather armour of positive energy (worn)
Wands
 c - a wand of flame (6)
 d - a wand of enslavement (14)
 e - a wand of random effects (8)
Scrolls
 l - a scroll of blinking
 o - a scroll of random uselessness {unknown}
Potions
 g - a potion of curing
 j - 2 potions of magic
Comestibles
 f - 3 rations


   Skills:
 + Level 6.4 Fighting
 + Level 6.4 Short Blades
 + Level 5.8 Long Blades
 + Level 5.8 Axes
 + Level 5.8 Maces & Flails
 + Level 5.8 Polearms
 + Level 5.8 Staves
 + Level 5.8 Slings
 + Level 5.8 Bows
 + Level 5.8 Crossbows
 + Level 5.8 Throwing
 + Level 5.8 Armour
 + Level 7.4 Dodging
 + Level 6.3 Stealth
 + Level 5.8 Shields
 + Level 5.8 Unarmed Combat
 + Level 5.8 Spellcasting
 + Level 4.7 Conjurations
 + Level 4.7 Hexes
 + Level 4.7 Charms
 + Level 4.7 Summonings
 + Level 4.7 Necromancy
 + Level 4.7 Translocations
 + Level 4.7 Transmutations
 + Level 4.7 Fire Magic
 + Level 4.7 Ice Magic
 + Level 4.7 Air Magic
 + Level 4.7 Earth Magic
 + Level 4.7 Poison Magic
 + Level 6.3 Invocations
 + Level 8.8 Evocations


You had 17 spell levels left.
You didn't know any spells.
Your spell library was empty.

Dungeon Overview and Level Annotations

Branches:
Dungeon (1/1)

Altars:
Cheibriados
Dithmenos
Elyvilon
Fedhas
Gozag
Hepliaklqana
Kikubaaqudgha
Makhleb
Nemelex Xobeh
Okawaru
Qazlal
Ru
Sif Muna
Trog
Uskayaw
Vehumet
Wu Jian
Xom
Yredelemnul
Zin
The Shining One
Jiyva
Lugonu

Shops:
D =


Innate Abilities, Weirdness & Mutations

Your experience applies equally to all skills.
You have very sharp teeth.
Your uncanny sense of smell can sniff out nearby items.


Message History

You barely miss the blink frog.
The blink frog is lightly wounded.
The blink frog completely misses you.
You completely miss the blink frog.
The blink frog is lightly wounded.
The blink frog hits you! x2
You hit the blink frog but do no damage.
The blink frog is lightly wounded.
The blink frog hits you but does no damage.
The blink frog hits you!
* * * LOW HITPOINT WARNING * * *
There is a viscous altar of Jiyva, spattered with blood here.
The blink frog barely misses you.
You feel yourself speed up. The blink frog closely misses you.
The blink frog misses you. The blink frog completely misses you.
There is an open door here.
The blink frog hits you!
You die...
Your body disappears without a glow.

######################
..'..#..'..#__#..')..#∆∆
∆∆
..#..').#..'^.'F@#.).# ∆
####'#####'#__####...+ ∆
∆ ###..#...#.####∆∆#####
∆ __####..##.# ∆∆
_____##'#_.+
_.∩...'..._# ∆∆
_..__##_.#'#
_____###+#.#∆∆∆∆ ∆
###### ### ∆ ∆


You could see a blink frog.

Vanquished Creatures
  A slime creature (D)
  Sigmund (D)
  A basilisk (D)
  A yak (D)
  A floating eye (D)
  A jelly (D)
  Ijyb (D)
7 creatures vanquished.

Notes
Turn   | Place    | Note
-------+----------+-------------------------------------------
     0 | D        | silentkaos13 the Gnoll Artificer began the quest for the
                  | Orb.
     0 | D        | Reached XP level 1. HP: 17/17 MP: 4/4
     1 | D        | Noticed Ijyb
    32 | D        | Killed Ijyb
    32 | D        | Reached skill level 1 in Long Blades
    32 | D        | Reached skill level 1 in Axes
    32 | D        | Reached skill level 1 in Maces & Flails
    32 | D        | Reached skill level 1 in Polearms
    32 | D        | Reached skill level 1 in Staves
    32 | D        | Reached skill level 1 in Slings
    32 | D        | Reached skill level 1 in Bows
    32 | D        | Reached skill level 1 in Crossbows
    32 | D        | Reached skill level 1 in Throwing
    32 | D        | Reached skill level 1 in Armour
    32 | D        | Reached skill level 1 in Shields
    32 | D        | Reached skill level 1 in Unarmed Combat
    32 | D        | Reached skill level 1 in Spellcasting
    32 | D        | Reached skill level 1 in Conjurations
    32 | D        | Reached skill level 1 in Hexes
    32 | D        | Reached skill level 1 in Charms
    32 | D        | Reached skill level 1 in Summonings
    32 | D        | Reached skill level 1 in Necromancy
    32 | D        | Reached skill level 1 in Translocations
    32 | D        | Reached skill level 1 in Transmutations
    32 | D        | Reached skill level 1 in Fire Magic
    32 | D        | Reached skill level 1 in Ice Magic
    32 | D        | Reached skill level 1 in Air Magic
    32 | D        | Reached skill level 1 in Earth Magic
    32 | D        | Reached skill level 1 in Poison Magic
    32 | D        | Reached skill level 1 in Invocations
    32 | D        | Reached XP level 2. HP: 12/24 MP: 6/6
    32 | D        | Reached XP level 3. HP: 14/29 MP: 7/7
   210 | D        | Noticed an ogre
   230 | D        | Noticed Sigmund
   243 | D        | Killed Sigmund
   243 | D        | Reached skill level 5 in Dodging
   243 | D        | Reached skill level 7 in Evocations
   243 | D        | Reached XP level 4. HP: 9/38 MP: 7/9
   243 | D        | Reached XP level 5. HP: 10/43 MP: 7/10
   483 | D        | Found a deep blue altar of Sif Muna.
   484 | D        | Found an ornate altar of the Wu Jian Council.
   485 | D        | Found a radiant altar of Vehumet.
   628 | D        | Found Road's Jewellery Emporium.
   628 | D        | Found an ancient bone altar of Kikubaaqudgha.
   628 | D        | Found a hazy altar of Hepliaklqana.
   628 | D        | Found a stormy altar of Qazlal.
   628 | D        | Found a hide-covered altar of Uskayaw.
   628 | D        | Found a blossoming altar of Fedhas.
   628 | D        | Found a bloodstained altar of Trog.
   628 | D        | Found an iron altar of Okawaru.
   628 | D        | Found a basalt altar of Yredelemnul.
   628 | D        | Found a glowing golden altar of the Shining One.
   628 | D        | Found a snail-covered altar of Cheibriados.
   628 | D        | Found a sacrificial altar of Ru.
   628 | D        | Found a glowing silver altar of Zin.
   628 | D        | Found a shadowy altar of Dithmenos.
   628 | D        | Found a white marble altar of Elyvilon.
   628 | D        | Noticed a yak
   629 | D        | Found an opulent altar of Gozag.
   634 | D        | Killed a yak
   634 | D        | Reached skill level 5 in Fighting
   634 | D        | Reached skill level 5 in Short Blades
   634 | D        | Reached skill level 5 in Stealth
   634 | D        | Reached skill level 5 in Invocations
   634 | D        | Reached skill level 8 in Evocations
   634 | D        | Reached XP level 6. HP: 37/51 MP: 10/12
   635 | D        | Found a sparkling altar of Nemelex Xobeh.
   641 | D        | Became a worshipper of Nemelex Xobeh the Trickster
   654 | D        | Found a burning altar of Makhleb.
   654 | D        | Found a viscous altar of Jiyva.
   654 | D        | Found a shimmering altar of Xom.
   654 | D        | Found a corrupted altar of Lugonu.
   654 | D        | Received a gift from Nemelex Xobeh
   654 | D        | Noticed a slime creature
   677 | D        | Killed a slime creature
   677 | D        | Reached skill level 5 in Long Blades
   677 | D        | Reached skill level 5 in Axes
   677 | D        | Reached skill level 5 in Maces & Flails
   677 | D        | Reached skill level 5 in Polearms
   677 | D        | Reached skill level 5 in Staves
   677 | D        | Reached skill level 5 in Slings
   677 | D        | Reached skill level 5 in Bows
   677 | D        | Reached skill level 5 in Crossbows
   677 | D        | Reached skill level 5 in Throwing
   677 | D        | Reached skill level 5 in Armour
   677 | D        | Reached skill level 5 in Shields
   677 | D        | Reached skill level 5 in Unarmed Combat
   677 | D        | Reached skill level 5 in Spellcasting
   677 | D        | Reached XP level 7. HP: 49/57 MP: 12/14
   704 | D        | Noticed a kobold demonologist
   705 | D        | Noticed a kobold demonologist
   707 | D        | Noticed a blink frog
   707 | D        | a kobold demonologist changed into a blink frog
   707 | D        | Noticed a basilisk
   707 | D        | a kobold demonologist changed into a basilisk
   708 | D        | Paralysed by a floating eye for 4 turns
   716 | D        | Paralysed by a floating eye for 4 turns
   728 | D        | Killed a basilisk
   756 | D        | Slain by a blink frog

Levels and vault maps discovered:
D:        dungeon_sprint_1 [red_sonja_temple_1, red_sonja_temple_small_1]

Skill      XL: |  1  2  3  4  5  6  7 |
---------------+----------------------+-----
Fighting       | 3 4 5 6 |  6.4
Short Blades   | 3 4 5 6 |  6.4
Long Blades    | 1 3 4 5 |  5.8
Axes           | 1 3 4 5 |  5.8
Maces & Flails | 1 3 4 5 |  5.8
Polearms       | 1 3 4 5 |  5.8
Staves         | 1 3 4 5 |  5.8
Slings         | 1 3 4 5 |  5.8
Bows           | 1 3 4 5 |  5.8
Crossbows      | 1 3 4 5 |  5.8
Throwing       | 1 3 4 5 |  5.8
Armour         | 1 3 4 5 |  5.8
Shields        | 1 3 4 5 |  5.8
Unarmed Combat | 1 3 4 5 |  5.8
Spellcasting   | 1 3 4 5 |  5.8
Conjurations   | 1 3 4 |  4.7
Hexes          | 1 3 4 |  4.7
Charms         | 1 3 4 |  4.7
Summonings     | 1 3 4 |  4.7
Necromancy     | 1 3 4 |  4.7
Translocations | 1 3 4 |  4.7
Transmutations | 1 3 4 |  4.7
Fire Magic     | 1 3 4 |  4.7
Ice Magic      | 1 3 4 |  4.7
Air Magic      | 1 3 4 |  4.7
Earth Magic    | 1 3 4 |  4.7
Poison Magic   | 1 3 4 |  4.7
Invocations    | 1 4 5 6 |  6.3
Dodging        | 5 6 7 |  7.4
Stealth        | 4 5 6 |  6.3
Evocations     | 7 8 |  8.8

Action                   |  1- 3 |  4- 6 |  7- 9 || total
-------------------------+-------+-------+-------++-------
Melee: Short sword       |    14 |       |       ||    14
       Bite              |     4 |     8 |     2 ||    14
       Dagger            |    14 |    33 |    12 ||    59
       Punch             |     1 |       |       ||     1
 Abil: Draw Destruction  |       |       |     1 ||     1
Evoke: Wand              |    14 |       |     3 ||    17
  Use: Potion            |       |       |     3 ||     3
 Stab: Confused          |     2 |       |       ||     2
       Sleeping          |     1 |     2 |       ||     3
Armor: Leather armour    |     2 |     6 |     4 ||    12
Dodge: Dodged            |    15 |    10 |     9 ||    34

Table legend:
 A = Non-vault XP
 B = Vault XP
 C = Vault XP percentage of total XP
 D = Non-vault monster count
 E = Vault monster count
 F = Vault count percentage of total count
                 A         B        C        D         E       F
            +---------+---------+-------+---------+---------+-------
      Total |       0 |    1076 | 100.0 |       0 |       7 | 100.0
            +---------+---------+-------+---------+---------+-------
          D |       0 |    1076 | 100.0 |       0 |       7 | 100.0
            +---------+---------+-------+---------+---------+-------
